 Dungeon Crawl Stone Soup version 0.26.1-16-g4e020e15dc (webtiles) character file.

Game seed: 11504138120466970074

56 BiteMe the Firebug (level 3, 0/24 HPs)
             Began as a Demonspawn Fire Elementalist on May 14, 2023.
             Succumbed to an adder's poison
             ... on level 2 of the Dungeon.
             The game lasted 00:12:01 (3154 turns).

BiteMe the Firebug (Demonspawn Fire Elementalist)   Turns: 3154, Time: 00:12:01

Health: 0/24       AC:  2    Str:  8    XL:     3   Next: 69%
Magic:  2/7        EV: 12    Int: 17    God:
Gold:   37         SH:  0    Dex: 13    Spells: 6/7 levels left

rFire    . . .     SeeInvis .   b - +0 dagger
rCold    . . .     Faith    .   (no shield)
rNeg     . . .     Spirit   .   a - +0 robe
rPois    .         Reflect  .   (helmet restricted)
rElec    .         Harm     .   (no cloak)
rCorr    +         Rampage  .   (no gloves)
Will     .....                  (no boots)
Stlth    ++........             (no amulet)
HPRegen  0.08/turn              d - ring of resist corrosion
MPRegen  0.10/turn              (no ring)

@: lethally poisoned (0 -> -7)
A: antennae 1, hooves 1
a: no special abilities


You were on level 2 of the Dungeon.
You visited 1 branch of the dungeon, and saw 2 of its levels.

You collected 37 gold pieces.

Inventory:

Hand Weapons
 b - a +0 dagger (weapon)
 c - a +0 whip
 f - a +0 hunting sling
Missiles
 g - 12 arrows
 i - 2 silver javelins
Armour
 a - a +0 robe (worn)
Jewellery
 d - a ring of resist corrosion (left hand)
Scrolls
 e - a scroll of identify {unknown}
 h - a scroll of immolation {unknown}
 j - 3 scrolls of enchant weapon {unknown}


   Skills:
 + Level 0.7 Short Blades
 + Level 2.0 Dodging
 - Level 1.7 Stealth
 * Level 2.7 Spellcasting
 * Level 1.4 Conjurations
 + Level 3.3 Fire Magic


You had 6 spell levels left.
You knew the following spells:

 Your Spells              Type           Power        Failure   Level
a - Foxfire               Conj/Fire      40%          7%          1

Your spell library contained the following spells:

 Spells                   Type           Power        Failure   Level
 Conjure Flame            Conj/Fire      10%          21%         3
 Inner Flame              Hex/Fire       7%           28%         3
 Sticky Flame             Conj/Fire      10%          56%         4
 Fireball                 Conj/Fire      5%           88%         5


Dungeon Overview and Level Annotations

Branches:
Dungeon (2/15)

Altars:
Ashenzari
Fedhas

Annotations:
D:2 Sigmund


Innate Abilities, Weirdness & Mutations

You have a pair of small antennae on your head.
You have large cloven feet.


Message History

You feel sick. The adder completely misses you.
* * * LOW HITPOINT WARNING * * *
You feel sick.
The foxfire hits the adder.
You kill the adder!
Your magical contamination has completely faded away.
There is a lethal amount of poison in your body!
Unknown command.
There is a lethal amount of poison in your body!
There is a lethal amount of poison in your body!
There is a lethal amount of poison in your body!
There is a lethal amount of poison in your body!
There is a lethal amount of poison in your body!
There is a lethal amount of poison in your body!
There is a lethal amount of poison in your body!
There is a lethal amount of poison in your body!
There is a lethal amount of poison in your body!
* * * LOW HITPOINT WARNING * * *
You feel sick.
Your foxfire dissipates!
You die...

.............# ....
.....#.#.###.####.#...#
####.#.#..........#...#
...§.#.#.###.#####....#
#.##.#.#.# #.#####.#..#
#.##.#.#####..........# #
#..#.#...........#.#..#.#
'....###########.#.##.#.###
#.##.# #@#........# #.##.#
#.####.#######. #..†.#
#.####.>....... ...#.#
#.............. ...#<#
#.############# ###### ###


There were no monsters in sight!

Vanquished Creatures
  2 adders (D:2)
  A worm (D:2)
  3 leopard geckos
  A bat (D:1)
  A giant cockroach (D:1)
  5 goblins (D:1)
  5 hobgoblins
  3 jackals (D:1)
  A ball python (D:1)
  4 frilled lizards
  A kobold (D:1)
  4 rats (D:1)
31 creatures vanquished.

Vanquished Creatures (others)
  95 foxfires
95 creatures vanquished.

Grand Total: 126 creatures vanquished

Notes
Turn   | Place    | Note
-------+----------+-------------------------------------------
     0 | D:1      | BiteMe the Demonspawn Fire Elementalist began the quest for
                  | the Orb.
     0 | D:1      | Reached XP level 1. HP: 13/13 MP: 3/3
   417 | D:1      | Gained mutation: You have large cloven feet. [demonic
                  | ancestry]
   417 | D:1      | Reached XP level 2. HP: 19/19 MP: 3/5
  1654 | D:1      | Reached skill level 3 in Fire Magic
  2015 | D:1      | Found a broken altar of Ashenzari.
  2064 | D:1      | Gained mutation: You have a pair of small antennae on your
                  | head. [demonic ancestry]
  2064 | D:1      | Reached XP level 3. HP: 22/24 MP: 0/6
  2618 | D:2      | Found a blossoming altar of Fedhas.
  2796 | D:2      | Noticed Sigmund
  3152 | D:2      | HP: 1/24 [poisoned by an adder]
  3154 | D:2      | Succumbed to an adder's poison

Illustrated notes

Levels and vault maps discovered:
D:1:      minmay_arrival_radiant_lines, layout_loops_ring, ashenzari_altar_1
D:2:      minmay_alternating_diamond, layout_basic, lemuel_doored_altar,
          uniq_sigmund

Skill      XL: |  1  2 |
---------------+-------+-----
Dodging        | 2 |  2.0
Fire Magic     | 3 |  3.3
Short Blades   | |  0.7
Stealth        | |  1.7
Spellcasting   | |  2.7
Conjurations   | |  1.4

Action                   || total
-------------------------++-------
Melee: Dagger            ||     7
       Kick              ||     2
 Cast: Foxfire           ||    53
Armor: Robe              ||     4
Dodge: Dodged            ||    12
